 Dungeon Crawl Stone Soup version 0.31-a0-112-gdf0485fa37 (webtiles) character file.

Game seed: 5608309746242999157

278 sanka the Digger (level 6, 0/32 HPs)
             Began as a Kobold Earth Elementalist on May 28, 2023.
             Slain by a river rat (6 damage)
             ... in a sewer.
             The game lasted 00:04:15 (2654 turns).

sanka the Digger (Kobold Earth Elementalist)        Turns: 2654, Time: 00:04:15

Health: 0/32       AC:  2    Str:  6    XL:     6   Next: 51%
Magic:  10/10      EV: 15    Int: 18    God:
Gold:   180        SH:  0    Dex: 15    Spells: 5/11 levels left

rFire   . . .        l - +2 sling (freeze)
rCold   . . .        (no shield)
rNeg    . . .        a - +0 robe
rPois   .            (no helmet)
rElec   .            (no cloak)
rCorr   .            (no gloves)
SInv    .            (no boots)
Will    .....        (no amulet)
Stlth   ++           (no ring)
HPRegen 0.25/turn    (no ring)
MPRegen 0.12/turn

%: no passive effects
@: slowed, very slow
A: small, no large weapons, nightstalker 3
a: no special abilities


You were in a sewer.
You visited 1 branch of the dungeon, and saw 3 of its levels.
You also visited: Sewer.

You collected 180 gold pieces.


Innate Abilities, Weirdness & Mutations

You are small and have problems with some larger weapons.
You are completely attuned to the shadows.


   Skills:
 - Level 2.4 Dodging
 - Level 2.6 Stealth
 - Level 3.0 Spellcasting
 + Level 3.4 Conjurations
 - Level 1.0 Transmutations
 + Level 5.3 Earth Magic


You had 5 spell levels left.
You knew the following spells:

 Your Spells              Type           Power      Damage    Failure   Level
x - Stone Arrow           Conj/Erth      36%        3d9       9%          3
z - Sandblast             Erth           42%        2d11      1%          1
N - Passwall              Tmut/Erth      11%        N/A       7%          2

Your spell library contained the following spells:

 Spells                   Type           Power      Damage    Failure   Level
 Petrify                  Tmut/Erth      14%        N/A       41%         4

Inventory:

Hand Weapons
 l - a +2 sling of freezing (weapon)
Armour
 a - a +0 robe (worn)
Scrolls
 f - 3 scrolls of identify {unknown}
 g - 2 scrolls of amnesia {unknown}
 h - a scroll of brand weapon {unknown}
 i - a scroll of immolation {unknown}
 k - a scroll of silence {unknown}
Potions
 b - a potion of magic
 c - a potion of degeneration {unknown}
 d - a potion of lignification {unknown}
 e - a potion of heal wounds {unknown}
 j - a potion of haste {unknown}
 m - a potion of curing {unknown}

Dungeon Overview and Level Annotations

Branches:
Dungeon (3/15)              Sewer (1/1)

Altars:
Nemelex Xobeh
Ru

▒▒▒▒▒ ▒.
.▒.▒.▒ ▒~
~▒~▒~▒ ▒~
~▒~▒~▒
▒K▒r▒~▒)▒
▒~K.▒.~~▒
▒▒~▒▒▒~▒▒
▒.▒ ▒~▒
▒~▒▒▒.▒
▒~~..~▒
▒▒~~~▒▒
▒~..▒
▒~~~▒
▒▒~.~▒


You could see a kobold brigand and a river rat.


Message History

The sling bullet freezes the river rat.
The river rat is heavily wounded.
You feel sick. The river rat barely misses you. The river rat bites you.
The river rat misses you.
You shoot a sling bullet.
The sling bullet closely misses the river rat.
You feel sick.
You are no longer poisoned.
The river rat barely misses you.
The kobold brigand splashes around in the water.
The river rat bites you.
* * * LOW HITPOINT WARNING * * *
You shoot a sling bullet. The sling bullet hits the river rat.
The sling bullet freezes the river rat.
The river rat is severely wounded.
The kobold brigand splashes around in the water.
The river rat bites you.
* * * LOW HITPOINT WARNING * * *
The kobold brigand hits you with a +0 club.
* * * LOW HITPOINT WARNING * * *
The river rat barely misses you.
You shoot a sling bullet.
The sling bullet hits the river rat but does no damage.
The river rat is severely wounded.
The kobold brigand closely misses you. The river rat bites you.
You die...

Action                     |  1- 3 |  4- 6 || total
---------------------------+-------+-------++-------
   Fire: Sling             |       |    55 ||    55
   Cast: Sandblast         |    45 |     4 ||    49
 Armour: Robe              |     3 |     1 ||     4
  Dodge: Dodged            |     6 |    33 ||    39

Levels and vault maps discovered:
D:1:      scummos_arrival_gate, layout_basic
D:2:      minmay_alternating_diamond, layout_basic
D:3:      layout_rooms, nicolae_vehumet_radiance,
          mainiacjoe_overflow_six_doors_small, nemelex_spade_bored_becter,
          gup_sewer_entry_pipe, kennysheep_generic_room_10, uniq_sigmund
Sewer:    sewer_co_tree

Notes
Turn   | Place    | Note
-------+----------+-------------------------------------------
     0 | D:1      | sanka the Kobold Earth Elementalist began the quest for the
                  | Orb.
     0 | D:1      | Reached XP level 1. HP: 10/10 MP: 3/3
   206 | D:1      | Reached XP level 2. HP: 15/15 MP: 1/5
   570 | D:1      | Reached XP level 3. HP: 19/19 MP: 1/7
  1323 | D:1      | Reached skill level 3 in Spellcasting
  1590 | D:2      | Learned a level 2 spell: Passwall
  1594 | D:2      | Learned a level 3 spell: Stone Arrow
  1799 | D:2      | Reached skill level 1 in Conjurations
  1799 | D:2      | Reached XP level 4. HP: 24/24 MP: 5/8
  1802 | D:2      | Reached skill level 4 in Earth Magic
  2428 | D:3      | Found a sparkling altar of Nemelex Xobeh.
  2491 | D:3      | Found a sacrificial altar of Ru.
  2492 | D:3      | Noticed Sigmund
  2506 | D:3      | Killed Sigmund
  2507 | D:3      | Reached skill level 3 in Conjurations
  2507 | D:3      | Reached skill level 5 in Earth Magic
  2507 | D:3      | Reached XP level 5. HP: 28/28 MP: 7/9
  2507 | D:3      | Reached XP level 6. HP: 32/32 MP: 7/10
  2573 | D:3      | Found a glowing drain.
  2595 | Sewer    | Entered a sewer
  2654 | Sewer    | Slain by a river rat

Vanquished Creatures
  Sigmund (D:3)
  An iguana (D:3)
  3 adders
  3 worms (D:2)
  5 endoplasms
  5 giant cockroaches
  3 goblins
  6 hobgoblins
  2 kobolds
  8 quokkas
  5 ball pythons
  5 bats
  4 rats
51 creatures vanquished.
